 Dungeon Crawl Stone Soup version 0.28-a0-479-g5baa6b73be (webtiles) character file.

Game seed: 3504080625639174305

15374 MirrMurr the Thrower (level 12, -2/94 HPs)
             Began as a Gnoll Hunter on Sept 19, 2021.
             Was an Elder of Okawaru.
             Slain by a two-headed ogre (15 damage)
             ... on level 11 of the Dungeon.
             The game lasted 00:29:55 (15774 turns).

MirrMurr the Thrower (Gnoll Hunter)                Turns: 15774, Time: 00:29:56

Health: -2/94      AC: 12    Str: 11    XL:     12   Next: 26%
Magic:  22/22      EV: 14    Int: 14    God:    Okawaru [****..]
Gold:   609        SH: 13    Dex: 15    Spells: 19/25 levels left

rFire   . . .      SeeInvis .   a - +2 broad axe (elec)
rCold   . . .      Faith    .   l - +2 buckler
rNeg    . . .      Spirit   .   h - +0 ring mail
rPois   +          Reflect  +   v - +2 helmet
rElec   .          Harm     .   x - +0 cloak {rPois}
rCorr   +          Rampage  .   y - +0 pair of gloves
Will    .....                   (no boots)
Stlth   +++.......              p - amulet of reflection
HPRegen 0.25/turn               m - ring of resist corrosion
MPRegen 0.18/turn               (no ring)

@: studying Earth Magic
A: fangs 1, strong nose, distributed training
a: Renounce Religion, Heroism, Finesse


You were on level 11 of the Dungeon.
You worshipped Okawaru.
Okawaru was greatly pleased with you.
You visited 2 branches of the dungeon, and saw 12 of its levels.
You also visited: Sewer and Bailey.

You collected 609 gold pieces.

Inventory:

Hand Weapons
 a - a +2 broad axe of electrocution (weapon)
 b - the +8 hand axe of the Warrior {venom, rCorr}
   (You found it on level 7 of the Dungeon)

   It poisons the flesh of those it strikes.
   rCorr:     It protects you from acid and corrosion.
 B - a +2 whip of venom
 G - a +0 short sword
Missiles
 c - 3 javelins
 d - a throwing net
 e - 227 stones
 g - 50 poisoned darts (quivered)
 k - 2 curare-tipped darts
 t - 68 boomerangs
 Z - 154 sling bullets
Armour
 h - a +0 ring mail (worn)
 l - a +2 buckler (worn)
 v - a +2 helmet (worn)
 x - a +0 cloak of poison resistance (worn)
 y - a +0 pair of gloves (worn)
Jewellery
 m - a ring of resist corrosion (left hand)
 p - an amulet of reflection (around neck)
 I - a +4 ring of protection
Wands
 o - a wand of paralysis (7)
 r - a wand of iceblast (6)
 z - a wand of flame (4)
Scrolls
 i - a scroll of identify
 s - 2 scrolls of teleportation
 w - 3 scrolls of fear
 E - 2 scrolls of blinking
 J - a scroll of magic mapping
 K - a scroll of enchant armour
Potions
 f - 2 potions of resistance
 j - 2 potions of brilliance
 n - 6 potions of curing
 q - 2 potions of lignification
 u - a potion of attraction
 A - 2 potions of heal wounds
 C - a potion of cancellation
 D - 3 potions of might
 F - 3 potions of haste
 H - a potion of flight


   Skills:
 + Level 8.6 Fighting
 + Level 7.2 Short Blades
 + Level 7.2 Long Blades
 + Level 7.2 Axes
 + Level 7.2 Maces & Flails
 + Level 7.2 Polearms
 + Level 7.2 Staves
 + Level 7.2 Slings
 + Level 7.2 Bows
 + Level 7.2 Crossbows
 + Level 11.0 Throwing
 + Level 7.2 Armour
 + Level 8.6 Dodging
 + Level 7.6 Stealth
 + Level 7.2 Shields
 + Level 7.2 Unarmed Combat
 + Level 7.2 Spellcasting
 + Level 6.0 Conjurations
 + Level 6.0 Hexes
 + Level 6.0 Summonings
 + Level 6.0 Necromancy
 + Level 6.0 Translocations
 + Level 6.0 Transmutations
 + Level 6.0 Fire Magic
 + Level 6.0 Ice Magic
 + Level 6.0 Air Magic
 + Level 7.9 Earth Magic
 + Level 6.0 Poison Magic
 + Level 7.9 Invocations
 + Level 7.2 Evocations


You had 19 spell levels left.
You knew the following spells:

 Your Spells              Type           Power      Damage    Failure   Level
a - Animate Skeleton      Necr           42%        N/A       2%          1
b - Swiftness             Air            21%        N/A       8%          3
B - Blink                 Tloc           N/A        N/A       3%          2

Your spell library contained the following spells:

 Spells                   Type           Power      Damage    Failure   Level
 Pain                     Necr           84%        1d8       2%          1
 Shock                    Conj/Air       84%        1d8       2%          1
 Sublimation of Blood     Necr           10%        N/A       3%          2
 Wereblood                Tmut           21%        N/A       3%          2
 Conjure Flame            Conj/Fire      21%        6-21      8%          3
 Gell's Gravitas          Tloc           10%        N/A       8%          3
 Ignite Poison            Fire/Tmut/Pois 21%        N/A       8%          3
 Lesser Beckoning         Tloc           21%        N/A       8%          3
 Portal Projectile        Hex/Tloc       42%        N/A       8%          3
 Teleport Other           Tloc           21%        N/A       8%          3
 Vampiric Draining        Necr           10%        2d7       8%          3
 Petrify                  Tmut/Erth      24%        N/A       17%         4
 Airstrike                Air            10%        N/A       24%         4
 Sticky Flame             Conj/Fire      21%        2d4       24%         4
 Blade Hands              Tmut           10%        N/A       56%         5
 Excruciating Wounds      Necr           10%        N/A       56%         5
 Freezing Cloud           Conj/Ice/Air   10%        6-21      56%         5
 Irradiate                Conj/Tmut      10%        3d17      56%         5
 Manifold Assault         Tloc           21%        N/A       56%         5
 Polar Vortex             Ice            10%        N/A       100%        9
 Simulacrum               Ice/Necr       Unusable   N/A       N/A         6
 Summon Hydra             Summ           Unusable   N/A       N/A         7

Dungeon Overview and Level Annotations

Branches:
Dungeon (11/15)            Temple (1/1) D:7            Lair (0/6) D:11
    Orc (0/2) D:10          Sewer (visited)          Bailey (visited)

Altars:
Ashenzari
Cheibriados
Dithmenos
Elyvilon
Fedhas
Gozag
Hepliaklqana
Kikubaaqudgha
Makhleb
Nemelex Xobeh
Okawaru
Qazlal
Ru
Sif Muna
Trog
Uskayaw
Vehumet
Wu Jian
Xom
Yredelemnul
Zin
The Shining One
Beogh

Shops:
D:11 *

Annotations:
D:1 fly?
D:3 3 runed translucent doors, Dabor's ghost, weakling DgCj
D:10 2 transporters, TZer0's ghost, journeyman VSBe


Innate Abilities, Weirdness & Mutations

You have very sharp teeth.
Your uncanny sense of smell can sniff out nearby items.
Your experience applies equally to all skills.


Message History

The poisoned dart hits the two-headed ogre.
The two-headed ogre is poisoned.
The two-headed ogre is heavily wounded.
Throw: 51 darts (poison)
Press: ? - help, Q - select action, (/) - cycle Shift-Dir - straight line, f/p - two-headed ogre
Aim: a two-headed ogre, wielding two +0 giant clubs (heavily wounded, poisoned, 80% to hit)
You throw a poisoned dart.
The poisoned dart hits the two-headed ogre!
The two-headed ogre looks as sick as possible!
The two-headed ogre is heavily wounded.
There is a stone staircase leading down here.
You see here a poisoned dart.
Things that are here:
a poisoned dart; a howler monkey corpse
Found a stone staircase leading up.
Found 11 gold pieces.
A centaur comes into view.
The centaur shouts!
You hear a shout!
The centaur wields a +0 shortbow.
The centaur shoots an arrow.
The arrow barely misses you.
The centaur shoots an arrow.
The arrow hits you.
* * * LOW HITPOINT WARNING * * *
You hear a shout!
A centaur comes into view.
The centaur wields a +0 shortbow.
The centaur shoots an arrow.
The arrow misses you.
The centaur shoots an arrow.
You reflect the arrow off an invisible shield around you!
The arrow hits the centaur!
You block the two-headed ogre's attack.
The two-headed ogre hits you with a +0 giant club!
* * * LOW HITPOINT WARNING * * *
The centaur shoots an arrow.
The arrow hits you but does no damage.
The centaur shoots an arrow.
You reflect the arrow off an invisible shield around you!
The arrow hits the centaur!
You hit the two-headed ogre.
The two-headed ogre is almost dead.
The two-headed ogre looks more healthy.
The two-headed ogre hits you with a +0 giant club!
You die...

#################################
### ########### #.. ####
#.........# #.. .....+.........#
#.. .....#(........# #..
......(.O...$..#######..
###.#.@#†((.......cc...
..#.#..#####.######.##.
................>....##. #####
#####<...#.##..#####.##. .... ∆
$.................#.##. ..###
###.....#.##.####.#.##. .....
#............. #.##. ..#
#.............. #.##. ..#
#..#........#.# #.#


You could see a two-headed ogre.

Vanquished Creatures
  An orc warlord (Bailey)
  An ogre mage (D:11)
  2 two-headed ogres (D:11)
  2 ugly things
  A gargoyle (D:11)
  2 trolls
  Prince Ribbit (D:6)
  A wraith (D:9)
  3 yaks (D:9)
  A wyvern (D:9)
  A steam dragon (D:9)
  A water moccasin (D:5)
  7 orc warriors
  A sky beast (D:4)
  2 ice beasts
  6 ogres
  A necrophage (D:7)
  6 centaurs
  Blork the orc (D:6)
  A phantom (D:7)
  2 kobold brigands
  5 bullfrogs
  5 scorpions
  A wyvern zombie (D:6)
  3 water moccasin zombies
  3 water moccasin skeletons
  10 killer bees (D:9)
  19 wights
  6 howler monkeys
  A bullfrog zombie (D:6)
  A centaur zombie (D:7)
  2 centaur skeletons
  A hound (D:5)
  4 orc priests (D:10)
  5 bullfrog skeletons
  A scorpion zombie (D:5)
  3 iguanas
  2 orc wizards (D:11)
  A hound skeleton (D:4)
  7 adders
  3 gnolls (Bailey)
  2 river rats (Sewer)
  2 shadow imps
  A white imp (D:5)
  An ufetubus (D:5)
  A worm (D:2)
  A dart slug (D:2)
  33 orcs
  4 endoplasms
  5 giant cockroaches
  8 goblins
  9 hobgoblins
  8 jackals
  31 kobolds
  4 quokkas (D:3)
  3 ball pythons
  6 bats
  2 frilled lizards
  7 rats
255 creatures vanquished.

Vanquished Creatures (others)
  4 plants
4 creatures vanquished.

Grand Total: 259 creatures vanquished

Notes
Turn   | Place    | Note
-------+----------+-------------------------------------------
     0 | D:1      | MirrMurr the Gnoll Hunter began the quest for the Orb.
     0 | D:1      | Reached XP level 1. HP: 20/20 MP: 1/1
   456 | D:1      | Found a faded altar of an unknown god.
   526 | D:1      | Reached XP level 2. HP: 12/26 MP: 2/2
  1623 | D:2      | Reached XP level 3. HP: 27/31 MP: 3/3
  2075 | D:2      | Reached skill level 1 in Invocations
  2221 | D:2      | Reached skill level 1 in Short Blades
  2221 | D:2      | Reached skill level 1 in Long Blades
  2221 | D:2      | Reached skill level 1 in Axes
  2221 | D:2      | Reached skill level 1 in Maces & Flails
  2221 | D:2      | Reached skill level 1 in Polearms
  2221 | D:2      | Reached skill level 1 in Staves
  2221 | D:2      | Reached skill level 1 in Slings
  2221 | D:2      | Reached skill level 1 in Bows
  2221 | D:2      | Reached skill level 1 in Crossbows
  2221 | D:2      | Reached skill level 1 in Armour
  2221 | D:2      | Reached skill level 1 in Shields
  2221 | D:2      | Reached skill level 1 in Unarmed Combat
  2221 | D:2      | Reached skill level 1 in Spellcasting
  2221 | D:2      | Reached skill level 1 in Evocations
  2409 | D:3      | Reached XP level 4. HP: 38/38 MP: 5/5
  2576 | D:3      | Found a runed translucent gate.
  2577 | D:3      | Found a runed translucent gate.
  2577 | D:3      | Identified the +6 short sword of the Smoking Wolf {vamp,
                  | rF- Int+5}
  2725 | D:3      | Found a glowing drain.
  2754 | Sewer    | Entered a sewer
  2764 | Sewer    | Reached skill level 1 in Conjurations
  2764 | Sewer    | Reached skill level 1 in Hexes
  2764 | Sewer    | Reached skill level 1 in Summonings
  2764 | Sewer    | Reached skill level 1 in Necromancy
  2764 | Sewer    | Reached skill level 1 in Translocations
  2764 | Sewer    | Reached skill level 1 in Transmutations
  2764 | Sewer    | Reached skill level 1 in Fire Magic
  2764 | Sewer    | Reached skill level 1 in Ice Magic
  2764 | Sewer    | Reached skill level 1 in Air Magic
  2764 | Sewer    | Reached skill level 1 in Earth Magic
  2764 | Sewer    | Reached skill level 1 in Poison Magic
  2963 | Sewer    | Noticed a kobold brigand
  2983 | Sewer    | Killed a kobold brigand
  2984 | Sewer    | Reached XP level 5. HP: 31/43 MP: 5/7
  3094 | Sewer    | Found a white marble altar of Elyvilon.
  3217 | D:3      | You fall into a shaft and drop 2 floors!
  3217 | D:5      | Entered Level 5 of the Dungeon
  3453 | D:5      | Reached XP level 6. HP: 25/50 MP: 8/8
  3697 | D:5      | Reached skill level 5 in Fighting
  3697 | D:5      | Reached skill level 5 in Dodging
  3872 | D:5      | Noticed a water moccasin
  3891 | D:5      | Killed a water moccasin
  3892 | D:5      | Reached XP level 7. HP: 44/56 MP: 10/10
  4562 | D:3      | Found a runed translucent gate.
  4562 | D:3      | Noticed Dabor's ghost (weakling DgCj)
  4996 | D:4      | Reached skill level 9 in Throwing
  5420 | D:4      | Reached XP level 8. HP: 57/63 MP: 12/12
  6389 | D:6      | Noticed Prince Ribbit
  6412 | D:6      | Killed Prince Ribbit
  6734 | D:6      | Noticed a troll
  6749 | D:6      | Reached XP level 9. HP: 64/69 MP: 14/14
  6764 | D:6      | Killed a troll
  6881 | D:6      | Learned a level 2 spell: Blink
  6883 | D:6      | Learned a level 1 spell: Animate Skeleton
  6899 | D:6      | Noticed Blork the orc
  6934 | D:6      | Killed Blork the orc
  7858 | D:7      | Reached skill level 5 in Stealth
  8139 | D:7      | Found a staircase to the Ecumenical Temple.
  8148 | Temple   | Entered the Ecumenical Temple
  8229 | Temple   | Became a worshipper of Warmaster Okawaru
  8437 | D:7      | Found a flagged portal.
  8441 | D:7      | Identified the +8 hand axe of the Warrior {venom, rCorr}
  8445 | Bailey   | Entered a bailey
  8450 | Bailey   | Noticed an orc warlord
  8557 | Bailey   | Reached skill level 5 in Invocations
  8924 | Bailey   | Found a runed translucent gate.
  8925 | Bailey   | Found a runed translucent gate.
  8926 | Bailey   | Found a runed translucent gate.
  9279 | Bailey   | Killed an orc warlord
  9279 | Bailey   | Reached * piety under Okawaru
  9279 | Bailey   | Reached ** piety under Okawaru
  9280 | Bailey   | Reached skill level 5 in Short Blades
  9280 | Bailey   | Reached skill level 5 in Long Blades
  9280 | Bailey   | Reached skill level 5 in Axes
  9280 | Bailey   | Reached skill level 5 in Maces & Flails
  9280 | Bailey   | Reached skill level 5 in Polearms
  9280 | Bailey   | Reached skill level 5 in Staves
  9280 | Bailey   | Reached skill level 5 in Slings
  9280 | Bailey   | Reached skill level 5 in Bows
  9280 | Bailey   | Reached skill level 5 in Crossbows
  9280 | Bailey   | Reached skill level 5 in Armour
  9280 | Bailey   | Reached skill level 5 in Shields
  9280 | Bailey   | Reached skill level 5 in Unarmed Combat
  9280 | Bailey   | Reached skill level 5 in Spellcasting
  9280 | Bailey   | Reached skill level 5 in Earth Magic
  9280 | Bailey   | Reached skill level 5 in Evocations
  9280 | Bailey   | Reached XP level 10. HP: 77/77 MP: 15/17
  9325 | Bailey   | Identified the +3 spear of Plunder {freeze, *Rage rF+++
                  | Str-2 Int+4}
  9340 | Bailey   | Reached skill level 10 in Throwing
  9340 | Bailey   | Reached skill level 5 in Conjurations
  9340 | Bailey   | Reached skill level 5 in Hexes
  9340 | Bailey   | Reached skill level 5 in Summonings
  9340 | Bailey   | Reached skill level 5 in Necromancy
  9340 | Bailey   | Reached skill level 5 in Translocations
  9340 | Bailey   | Reached skill level 5 in Transmutations
  9340 | Bailey   | Reached skill level 5 in Fire Magic
  9340 | Bailey   | Reached skill level 5 in Ice Magic
  9340 | Bailey   | Reached skill level 5 in Air Magic
  9340 | Bailey   | Reached skill level 5 in Poison Magic
  9340 | Bailey   | Reached XP level 11. HP: 86/86 MP: 17/20
  9756 | D:7      | Acquired a +0 cloak of poison resistance
 10050 | D:7      | Reached *** piety under Okawaru
 10591 | D:8      | Found a white marble altar of Elyvilon.
 12246 | D:9      | Noticed a white ugly thing
 12665 | D:9      | Killed a white ugly thing
 13609 | D:10     | Entered Level 10 of the Dungeon
 13629 | D:10     | Noticed a white ugly thing
 13717 | D:10     | Found a transporter.
 13720 | D:10     | Noticed TZer0's ghost (journeyman VSBe)
 13722 | D:10     | Found a transporter.
 13737 | D:10     | Killed a white ugly thing
 13737 | D:10     | Reached **** piety under Okawaru
 14568 | D:10     | Found a staircase to the Orcish Mines.
 14751 | D:11     | Received a gift from Okawaru
 14752 | D:11     | Reached XP level 12. HP: 47/94 MP: 22/22
 14946 | D:11     | Learned a level 3 spell: Swiftness
 14954 | D:11     | Noticed a two-headed ogre
 14978 | D:11     | Killed a two-headed ogre
 15033 | D:11     | Found a staircase to the Lair.
 15238 | D:11     | Noticed an ogre mage
 15248 | D:11     | Killed an ogre mage
 15248 | D:11     | Noticed a two-headed ogre
 15249 | D:11     | Reached skill level 11 in Throwing
 15262 | D:11     | Killed a two-headed ogre
 15262 | D:11     | Reached ***** piety under Okawaru
 15692 | D:11     | Found Osijeih's Assorted Antiques.
 15728 | D:11     | Noticed a two-headed ogre
 15774 | D:11     | Slain by a two-headed ogre

Illustrated notes

Levels and vault maps discovered:
D:1:      dpeg_arrival_brainrot, layout_basic, chequers_ecumenical_altar_grove,
          st_stairs_11
D:2:      layout_basic
D:3:      layout_basic, gup_sewer_entry_pipe, biasface_ghost_orc_armoury
D:4:      layout_loops_ring
D:5:      layout_basic, serial_bayou_crossing
D:6:      layout_rooms, serial_undead, serial_undead_a, serial_undead_b,
          serial_undead_b, serial_undead_a, minmay_manual_mandibuliform,
          uniq_prince_ribbit1, uniq_blork_the_orc
D:7:      layout_basic, minmay_temple_entry_drinking_statues, enter_bailey_2
D:8:      layout_loops_ring, elyvilon_altar_1
D:9:      layout_gridville
D:10:     layout_loops_ring, david_orc_5, gammafunk_ghost_arena,
          minmay_misc_feat_iff
D:11:     layout_basic, lair_entry_dummy, serial_shops,
          nicolae_shop_overgrown_old_shop, kennysheep_boxes
Temple:   grunt_wide_crystal_templ

Skill      XL: |  1  2  3  4  5  6  7  8  9 10 11 12 |
---------------+-------------------------------------+-----
Invocations    | 1 2 3 4 5 6 7 |  7.9
Short Blades   | 1 2 3 5 6 7 |  7.2
Long Blades    | 1 2 3 5 6 7 |  7.2
Axes           | 1 2 3 5 6 7 |  7.2
Maces & Flails | 1 2 3 5 6 7 |  7.2
Polearms       | 1 2 3 5 6 7 |  7.2
Staves         | 1 2 3 5 6 7 |  7.2
Slings         | 1 2 3 5 6 7 |  7.2
Bows           | 1 2 3 5 6 7 |  7.2
Crossbows      | 1 2 3 5 6 7 |  7.2
Armour         | 1 2 3 5 6 7 |  7.2
Shields        | 1 2 3 5 6 7 |  7.2
Unarmed Combat | 1 2 3 5 6 7 |  7.2
Spellcasting   | 1 2 3 5 6 7 |  7.2
Evocations     | 1 2 3 5 6 7 |  7.2
Conjurations   | 1 2 3 4 5 6 |  6.0
Hexes          | 1 2 3 4 5 6 |  6.0
Summonings     | 1 2 3 4 5 6 |  6.0
Necromancy     | 1 2 3 4 5 6 |  6.0
Translocations | 1 2 3 4 5 6 |  6.0
Transmutations | 1 2 3 4 5 6 |  6.0
Fire Magic     | 1 2 3 4 5 6 |  6.0
Ice Magic      | 1 2 3 4 5 6 |  6.0
Air Magic      | 1 2 3 4 5 6 |  6.0
Earth Magic    | 1 2 3 5 6 7 |  7.9
Poison Magic   | 1 2 3 4 5 6 |  6.0
Stealth        | 3 4 5 6 7 |  7.6
Fighting       | 5 6 7 8 |  8.6
Dodging        | 5 6 7 8 |  8.6
Throwing       | 9 10 11 | 11.0

Action                   |  1- 3 |  4- 6 |  7- 9 | 10-12 || total
-------------------------+-------+-------+-------+-------++-------
Melee: Short sword       |    81 |       |       |       ||    81
       Bite              |     5 |    11 |    31 |    22 ||    69
       Whip              |       |   133 |   303 |       ||   436
       Hand axe          |       |       |    28 |    21 ||    49
       Broad axe         |       |       |       |   265 ||   265
Throw: Stone             |    68 |    74 |   201 |   114 ||   457
       Dart              |       |     3 |    20 |    59 ||    82
       Javelin           |       |       |     3 |    12 ||    15
       Throwing net      |       |       |     2 |       ||     2
 Cast: Animate Skeleton  |       |       |     3 |       ||     3
       Blink             |       |       |     2 |     9 ||    11
Invok: Heroism           |       |       |       |     3 ||     3
       Finesse           |       |       |       |     1 ||     1
Evoke: Wand              |       |       |     1 |       ||     1
  Use: Scroll            |       |     5 |     8 |    11 ||    24
       Potion            |       |       |     2 |     1 ||     3
 Stab: Sleeping          |       |     1 |       |       ||     1
       Distracted        |       |       |       |     1 ||     1
Armor: Leather armour    |    13 |       |       |       ||    13
       Ring mail         |    15 |    28 |    49 |    64 ||   156
Dodge: Dodged            |    41 |    63 |   126 |   146 ||   376
Block: Buckler           |     3 |    28 |   167 |   189 ||   387
       Reflection        |       |       |    12 |     4 ||    16

Table legend: (Time is in decaauts)
 A = Elapsed time spent in this place.
 B = Non-inter-level travel time spent in this place.
 C = Inter-level travel time spent in this place.
 D = Time resting spent in this place.
 E = Time spent auto-exploring this place.
 F = Levels seen in this place.
 G = Mean time per level.
                   A        B        C        D        E       F      G
               +--------+--------+--------+--------+--------+-----+--------+
         Total |  15721 |  15069 |    652 |    440 |  12007 |  14 | 1122.9 |
       Dungeon |  14248 |  13636 |    612 |    440 |  11042 |  11 | 1295.3 |
        Temple |     94 |     54 |     40 |      0 |     37 |   1 |   94.0 |
         Sewer |    408 |    408 |      0 |      0 |    339 |   1 |  408.0 |
        Bailey |    970 |    970 |      0 |      0 |    588 |   1 |  970.0 |
               +--------+--------+--------+--------+--------+-----+--------+

Top non-repeatable levels by time:
     D:9: 2635 daAuts
     D:1: 1848 daAuts
     D:5: 1558 daAuts
     D:7: 1512 daAuts
     D:6: 1345 daAuts
    D:10: 1239 daAuts
     D:3: 1015 daAuts
  Bailey: 970 daAuts
     D:4: 956 daAuts
    D:11: 912 daAuts
     D:8: 651 daAuts
     D:2: 571 daAuts
   Sewer: 408 daAuts
  Temple: 94 daAuts
